 Dungeon Crawl Stone Soup version 0.31-a0-233-g139696dc86 (webtiles) character file.

Game seed: 1482804747519365363

27 qw the Shooter (level 3, -1/21 HPs)
             Began as a Gargoyle Hexslinger on July 7, 2023.
             Slain by a gnoll
             ... wielding a +0 spear
              (3 damage)
             ... on level 2 of the Dungeon.
             The game lasted 00:00:17 (796 turns).

qw the Shooter (Gargoyle Hexslinger)                 Turns: 796, Time: 00:00:18

Health: -1/21      AC:  8    Str: 11    XL:     3   Next: 10%
Magic:  4/4        EV: 10    Int: 13    God:
Gold:   35         SH:  0    Dex: 14    Spells: 3/4 levels left

rFire   . . .        Y - +1 sling
rCold   . . .        (no shield)
rNeg    + . .        g - +0 ring mail
rPois   inf          (no helmet)
rElec   +            (no cloak)
rCorr   .            (no gloves)
SInv    .            (no boots)
Will    .....        (no amulet)
Stlth   +            (no ring)
HPRegen 0.23/turn    (no ring)
MPRegen 0.09/turn

%: no passive effects
@: no status effects
A: sickness immunity, AC +3, negative energy resistance 1, electricity
resistance, torment resistance 1, petrification resistance
a: no special abilities


You were on level 2 of the Dungeon.
You visited 1 branch of the dungeon, and saw 2 of its levels.

You collected 35 gold pieces.


Innate Abilities, Weirdness & Mutations

You are immune to sickness and miasma.
Your stone body is resilient. (AC +3)
You are immune to poison.
You resist negative energy. (rN+)
You are resistant to electric shocks. (rElec)
You are resistant to unholy torment.
You are immune to petrification.


   Skills:
 - Level 2.0 Fighting
 + Level 3.1 Ranged Weapons
 - Level 1.5 Dodging
 - Level 1.0 Spellcasting
 - Level 2.6 Hexes


You had 3 spell levels left.
You knew the following spells:

 Your Spells              Type           Power      Damage    Failure   Level
a - Slow                  Hex            28%        N/A       22%         1

Your spell library contained the following spells:

 Spells                   Type           Power      Damage    Failure   Level
 Inner Flame              Hex/Fire       4%         N/A       75%         3
 Portal Projectile        Hex/Tloc       8%         N/A       75%         3
 Cause Fear               Hex            3%         N/A       92%         4

Inventory:

Hand Weapons
 Y - a +1 sling (weapon)
Armour
 g - a +0 ring mail (worn)
Scrolls
 a - a scroll of amnesia {unknown}
Potions
 d - a potion of curing {unknown}
 f - a potion of berserk rage {unknown}
 i - a potion of magic {unknown}

Dungeon Overview and Level Annotations

Branches:
Dungeon (2/15)

Altars:


Message History

The gnoll shouts!
You hear a shout! x2
A gnoll comes into view. It is wielding a +0 flail.
You shoot a sling bullet. The gnoll shouts!
The sling bullet hits the gnoll but does no damage.
You shoot a sling bullet. The sling bullet hits the gnoll.
The gnoll is moderately wounded.
A kobold comes into view. It is wielding a +0 short sword.
A gnoll comes into view.
It is wielding a +1 flail of holy wrath.
789 ||| Stepping ~*~*~tactically~*~*~ (outnumbered).
You shoot a sling bullet.
The sling bullet barely misses the gnoll.
The gnoll hits you from afar with a +0 spear.
The gnoll closely misses you.
A gnoll comes into view. It is wielding a +0 club.
You shoot a sling bullet.
The sling bullet closely misses the gnoll.
The gnoll hits you from afar with a +0 spear.
You shoot a sling bullet. The sling bullet hits the gnoll.
The gnoll is lightly wounded.
The gnoll misses you. The gnoll barely misses you. The gnoll misses you.
The gnoll hits you with a +0 club.
You shoot a sling bullet.
The sling bullet hits the gnoll but does no damage.
The gnoll is lightly wounded.
The gnoll barely misses you. The gnoll hits you with a +0 club.
You shoot a sling bullet. The sling bullet hits the gnoll.
The gnoll is moderately wounded.
The gnoll barely misses you. The gnoll hits you but does no damage.
The gnoll hits you with a +1 flail of holy wrath.
You shoot a sling bullet. The sling bullet hits the gnoll.
The gnoll is heavily wounded.
The gnoll hits you but does no damage. The gnoll hits you with a +0 club.
The gnoll completely misses you. The gnoll closely misses you.
The gnoll hits you with a +1 flail of holy wrath.
The gnoll hits you but does no damage.
You shoot a sling bullet. The sling bullet hits the gnoll!
You kill the gnoll!
The gnoll hits you from afar with a +0 spear.
You die...

#.K .g . .. ....######
#. ........# ##.
.#.......#
#.####g.###.(#...:...#
#.....g#g...##.......#
...###.@)# #.......#
#......## ###.......#
#.####..# #....<....#
##.###.#.......#
##...<.#.......#
#...############
#.#...# ....##..#
###.# ###


You could see 3 gnolls.

Vanquished Creatures
  A gnoll (D:2)
  2 bats (D:1)
  7 endoplasms (D:1)
  2 goblins (D:1)
  A hobgoblin (D:1)
  3 jackals (D:1)
  A kobold (D:1)
  2 ball pythons (D:1)
  3 frilled lizards (D:1)
  A rat (D:1)
23 creatures vanquished.

Notes
Turn   | Place    | Note
-------+----------+-------------------------------------------
     0 | D:1      | qw the Gargoyle Hexslinger began the quest for the Orb.
     0 | D:1      | Reached XP level 1. HP: 12/12 MP: 2/2
     0 | D:1      | 0 ||| qw: Version: 0.3-a-46-gb1f654a
     0 | D:1      | 0 ||| qw: Game counter: 3148
     0 | D:1      | 0 ||| qw: Melee chars always use a shield: true
     0 | D:1      | 0 ||| qw: God list: Okawaru
     0 | D:1      | 0 ||| qw: Allow faded altars: false
     0 | D:1      | 0 ||| qw: Do Orc after clearing Dungeon:15 true
     0 | D:1      | 0 ||| qw: Do second Lair branch before Depths: true
     0 | D:1      | 0 ||| qw: Lair rune preference: random
     0 | D:1      | 0 ||| qw: Goals: Normal
     0 | D:1      | 0 ||| PLANNING D:1-11
    94 | D:1      | Reached XP level 2. HP: 14/16 MP: 3/3
   273 | D:1      | Reached skill level 3 in Ranged Weapons
   438 | D:1      | Reached XP level 3. HP: 21/21 MP: 4/4
   731 | D:1      | 731 ||| UPGRADING to +0 ring mail.
   741 | D:1      | 741 ||| DROPPING +0 robe.
   742 | D:1      | 742 ||| READING scroll labelled DAOBIYGR JOOHU.
   743 | D:1      | 743 ||| READING scroll labelled OFAURAZARYP.
   746 | D:1      | 746 ||| READING scroll labelled WOWOSIGIT.
   747 | D:1      | 747 ||| DROPPING scroll of poison.
   789 | D:2      | 789 ||| Stepping ~*~*~tactically~*~*~ (outnumbered).
   795 | D:2      | HP: 3/21 [gnoll/+0 club (5)]
   796 | D:2      | Slain by a gnoll

Levels and vault maps discovered:
D:1:      dpeg_arrival_fog, layout_loops_ring, reono_crystal_passage
D:2:      layout_rooms, uniq_robin, uniq_jessica, uniq_crazy_yiuf_cottage

Skill      XL: |  1  2 |
---------------+-------+-----
Ranged Weapons | 3 |  3.1
Fighting       | 2 |  2.0
Dodging        | |  1.5
Spellcasting   | |  1.0
Hexes          | |  2.6

Action                     || total
---------------------------++-------
   Fire: Sling             ||    64
    Use: Scroll            ||     3
 Armour: Robe              ||     9
         Ring mail         ||     3
  Dodge: Dodged            ||    21

Table legend:
 A = Non-vault XP
 B = Vault XP
 C = Vault XP percentage of total XP
 D = Non-vault monster count
 E = Vault monster count
 F = Vault count percentage of total count
                 A         B        C        D         E       F
            +---------+---------+-------+---------+---------+-------
      Total |      53 |       0 |   0.0 |      23 |       0 |   0.0
            +---------+---------+-------+---------+---------+-------
        D:1 |      39 |       0 |   0.0 |      22 |       0 |   0.0
        D:2 |      14 |       0 |   0.0 |       1 |       0 |   0.0
            +---------+---------+-------+---------+---------+-------
